 Dungeon Crawl Stone Soup version 0.17-a0-931-g11a8995 (webtiles) character file.

203 FedoraBrony69 the Conjurer (level 5, 0/28 HPs)
             Began as a Deep Elf Conjurer on May 5, 2015.
             Succumbed to an adder's poison
             ... on level 4 of the Dungeon.
             The game lasted 00:08:09 (2475 turns).

FedoraBrony69 the Conjurer (Deep Elf Conjurer)      Turns: 2475, Time: 00:08:09

Health: 0/28       AC:  2    Str:  5    XL:     5   Next: 51%
Magic:  3/15       EV: 13    Int: 21    God:
Gold:   163        SH:  0    Dex: 17    Spells: 3 memorised, 5 levels left

rFire  . . .     SeeInvis .     w - +2 short sword (drain)
rCold  . . .     Clarity  .     a - +0 robe
rNeg   . . .     SustAb   .     (no shield)
rPois  .         Gourm    .     u - +0 hat
rElec  .         Spirit   .     (no cloak)
rCorr  .         Warding  .     (no gloves)
rMut   .         Stasis   .     (no boots)
MR     +....                    j - amulet of rage
Stlth  ++........               f - +2 ring of dexterity
                                e - ring of protection from magic

@: lethally poisoned (0 -> -6), somewhat resistant to hostile enchantments,
unstealthy
A: no striking features
a: Evoke Berserk Rage


You were on level 4 of the Dungeon.
You were hungry.

You visited 1 branch of the dungeon, and saw 4 of its levels.

You collected 163 gold pieces.

Inventory:

Hand weapons
 w - a +2 short sword of draining (weapon)
Armour
 a - a +0 robe (worn)
 u - a +0 hat (worn)
Jewellery
 e - a ring of protection from magic (left hand)
 f - a +2 ring of dexterity (right hand)
 j - an amulet of rage (around neck)
Scrolls
 h - a scroll of enchant weapon
 l - 5 scrolls of identify
Potions
 i - a potion of haste
 p - a potion of heal wounds {unknown}
 r - a potion of cancellation {unknown}
 t - a potion of magic {unknown}
Books
 b - a book of Conjurations

   Spells                             Type                      Level
   a - Magic Dart                     Conjuration                  1
   b - Searing Ray                    Conjuration                  2
   c - Dazzling Spray                 Conjuration/Hexes            3
   d - Fulminant Prism                Conjuration/Hexes            4
   e - Iskenderun's Mystic Blast      Conjuration                  4
   f - Iskenderun's Battlesphere      Conjuration/Charms           5
Comestibles
 c - 2 bread rations
 d - a meat ration
 o - a chunk of flesh
 q - a royal jelly
 v - 2 slices of pizza


   Skills:
 - Level 2.4 Dodging
 - Level 2.4 Stealth
 + Level 5.7 Spellcasting
 + Level 6.2 Conjurations


You had 5 spell levels left.
You knew the following spells:

 Your Spells              Type           Power        Failure   Level  Hunger
a - Magic Dart            Conj           ####         1%          1    None
b - Iskenderun's Battles  Conj/Chrm      ###.....     78%         5    #####..
c - Iskenderun's Mystic   Conj           ####....     10%         4    ####...


Dungeon Overview and Level Annotations

Branches:
Dungeon (4/15)
 Temple: D:4-7

Altars:
Ashenzari

Annotations:
D:4 Robin


Message History

An adder comes into view.
There is an open door here.
Casting: Magic Dart
Confirm with . or Enter, or press ? or * to list all spells.
Okay, then.
Unknown command.
The adder bites you.
* * * LOW HITPOINT WARNING * * *
You are poisoned.
The adder poisons you! The adder misses you.
You miss the adder.
* * * LOW HITPOINT WARNING * * *
You feel sick. The goblin misses you. The adder misses you.
The goblin closely misses you.
You closely miss the adder. The adder bites you.
* * * LOW HITPOINT WARNING * * *
You are more poisoned.
The adder poisons you! The goblin barely misses you.
You closely miss the adder.
You die...

............#.....).)...#...###
#...........#..........)#......
.##..###.g.##...##............
###+####g###...##############
........g..#....#
...........#....#
.........g#....#
........gg#....#
..........#@...#
.......gKgS...# ###+##!g#...##
########


You could see an adder, a hobgoblin (frenzied), 2 goblins and a kobold.

Vanquished Creatures
  A worker ant (D:4)
  A gnoll (D:1)
  6 adders
  2 worms (D:2)
  6 giant geckos
  6 orcs (D:3)
  5 bats
  17 hobgoblins
  9 jackals
  8 kobolds
  2 ball pythons
  8 giant cockroaches
  2 giant newts
  14 goblins
  2 quokka skeletons (D:4)
  7 rats
96 creatures vanquished.

Notes
Turn   | Place    | Note
--------------------------------------------------------------
     0 | D:1      | FedoraBrony69, the Deep Elf Conjurer, began the quest for the Orb.
     0 | D:1      | Reached XP level 1. HP: 10/10 MP: 6/6
   288 | D:1      | Reached XP level 2. HP: 13/15 MP: 2/8
   462 | D:1      | Reached skill level 5 in Conjurations
   556 | D:1      | Reached XP level 3. HP: 19/19 MP: 8/10
  1230 | D:2      | Reached XP level 4. HP: 18/24 MP: 4/12
  1862 | D:3      | Reached skill level 5 in Spellcasting
  2046 | D:3      | Found a shattered altar of Ashenzari.
  2121 | D:3      | Reached XP level 5. HP: 28/28 MP: 9/14
  2321 | D:4      | Reached skill level 6 in Conjurations
  2427 | D:4      | Learned a level 5 spell: Iskenderun's Battlesphere
  2432 | D:4      | Learned a level 4 spell: Iskenderun's Mystic Blast
  2455 | D:4      | Noticed Robin
  2474 | D:4      | HP: 1/28 [adder (3)]
  2475 | D:4      | Succumbed to an adder's poison

Action                   |  1- 3 |  4- 6 || total
-------------------------+-------+-------++-------
Melee: Short sword       |       |     9 ||     9
 Cast: Magic Dart        |    75 |   125 ||   200
  Use: Scroll            |       |     7 ||     7
       Potion            |       |     1 ||     1
  Eat: Chunk             |     1 |     3 ||     4
